[Event "Titled Tuesday Blitz February 14 Early 2023"]
[White "Nikologorsky, Matfei"]
[Black "Girsh, Daniel"]
[WhiteFideId "24102474"]
[BlackFideId "30949190"]
[WhiteElo "2182"]
[BlackElo "2123"]
[Result "0-1"]
[Round "02"]
[TimeControl "180+2"]
[Date "2023.02.15"]
[WhiteClock "0:00:16"]
[BlackClock "0:01:09"]

1. e4 c5 2. Nf3 d6 3. d4 cxd4 4. Nxd4 Nf6 5. Nc3 a6 6. h3 Nc6 7. g4 e5 8. Nde2 Be6 9. Ng3 Be7 10. Bg2 O-O 11. g5 Nd7 12. h4 b5 13. Nf5 Nb6 14. Be3 Nc4 15. b3 Nxe3 16. Nxe3 Nd4 17. Ncd5 f6 18. c3 Nc6 19. gxf6 Bxf6 20. Nxf6+ Qxf6 21. Qd2 b4 22. Rc1 bxc3 23. Rxc3 Nd4 24. h5 Rac8 25. Rxc8 Rxc8 26. h6 Qf4 27. hxg7 Rc7 28. Rg1 Rxg7 29. Kf1 Qh2 30. Nf5 Bxf5 31. exf5 Kf8 32. Qe3 Qf4 33. Qxf4 exf4 34. Be4 Rxg1+ 35. Kxg1 Kf7 36. Kg2 Kf6 37. Kh3 Ke5 38. f3 Nxf5 39. Kg4 Ne3+ 40. Kg5 d5 41. Bxh7 Nd1 42. b4 Nc3 43. a3 Nb5 44. Bd3 Kd4 45. Bxb5 axb5 46. Kxf4 Kc3 47. Ke5 d4 48. f4 d3 49. f5 d2 50. f6 d1=Q 51. f7 Qd8 52. Ke6 Qf8 53. a4 bxa4 54. b5 a3 55. b6 a2 56. b7 a1=Q 0-1


[Site "https://www.chess.com"]

[Event "Titled Tuesday Blitz February 14 Early 2023"]
[White "Kuzmin, Roman"]
[Black "Skaric, Djuro"]
[WhiteFideId "44134932"]
[BlackFideId "934569"]
[WhiteElo "2198"]
[BlackElo "2334"]
[Result "1-0"]
[Round "02"]
[TimeControl "180+2"]
[Date "2023.02.15"]
[WhiteClock "0:00:16"]
[BlackClock "0:00:32"]

1. e4 d6 2. d4 g6 3. Nc3 Bg7 4. h4 h5 5. Nf3 Nf6 6. Ng5 Nc6 7. f3 e5 8. Bc4 O-O 9. d5 Nd4 10. Ne2 c5 11. c3 Nxe2 12. Bxe2 b5 13. Bxb5 Rb8 14. Be2 a5 15. Qc2 a4 16. Qxa4 Qb6 17. O-O Bd7 18. Qc2 Ra8 19. Be3 Qa5 20. a3 Rfc8 21. g4 c4 22. Rf2 Rab8 23. Raf1 Qb5 24. Bd1 hxg4 25. fxg4 Bxg4 26. Rxf6 Bxd1 27. Qf2 Qxb2 28. Rxd1 Qxf2+ 29. Rxf2 Rc7 30. Rdf1 Rbb7 31. a4 Bh6 32. a5 f6 33. Rxf6 Rb3 34. Rxg6+ Rg7 35. Rxh6 Rxc3 36. Rf3 Ra3 37. Rxd6 Rc7 38. Rd8+ Kg7 39. Ne6+ Kg6 40. Rg8+ 1-0


[Site "https://www.chess.com"]

[Event "Titled Tuesday Blitz February 14 Early 2023"]
[White "Weisz, Bryan"]
[Black "Novikov, Evgenij"]
[WhiteFideId "30934133"]
[BlackFideId "4125380"]
[WhiteElo "1973"]
[BlackElo "2276"]
[Result "0-1"]
[Round "02"]
[TimeControl "180+2"]
[Date "2023.02.15"]
[WhiteClock "0:00:10"]
[BlackClock "0:00:14"]

1. e4 c5 2. Nf3 e6 3. d4 cxd4 4. Nxd4 a6 5. a3 Nc6 6. c4 Bc5 7. Nc2 Nf6 8. Nc3 O-O 9. b4 Ba7 10. Be3 Bb8 11. Be2 Be5 12. Nd4 d5 13. cxd5 exd5 14. exd5 Nxd5 15. Nxd5 Qxd5 16. Nxc6 Qxc6 17. Rc1 Qxg2 18. Bf3 Qg6 19. Qd5 Re8 20. h4 Bf5 21. h5 Qf6 22. Qxb7 Rad8 23. Rg1 Bc3+ 24. Kf1 Bh3+ 25. Bg2 Rxe3 26. Bxh3 Rxh3 27. Qg2 Rxh5 28. Rxc3 Qxc3 0-1


[Site "https://www.chess.com"]

[Event "Titled Tuesday Blitz February 14 Early 2023"]
[White "Bozorov, Makhsum"]
[Black "Levitan, Caleb Levi"]
[WhiteFideId "14201330"]
[BlackFideId "14332620"]
[WhiteElo "2145"]
[BlackElo "2129"]
[Result "1-0"]
[Round "02"]
[TimeControl "180+2"]
[Date "2023.02.15"]
[WhiteClock "0:01:11"]
[BlackClock "0:00:04"]

1. d4 Nf6 2. Nf3 e6 3. g3 d5 4. Bg2 Be7 5. O-O O-O 6. c4 c6 7. Qc2 Nbd7 8. Nbd2 Re8 9. Rd1 Nf8 10. b3 Ng6 11. Bb2 Bd6 12. e4 dxe4 13. Nxe4 Nxe4 14. Qxe4 Qe7 15. Ne5 Bd7 16. h4 Rad8 17. h5 f5 18. Qe2 Nxe5 19. dxe5 Bc5 20. Bd4 Bxd4 21. Rxd4 Bc8 22. Rad1 Rxd4 23. Rxd4 Rd8 24. Qd2 Rxd4 25. Qxd4 a6 26. c5 Qd7 27. Qd6 Kf7 28. f4 g6 29. Bf3 Kg7 30. Kf2 Kf7 31. b4 Kg7 32. Ke3 Kf7 33. h6 Qe7 34. Kd4 Qd7 35. Kc3 Qe7 36. a3 Qd7 37. g4 fxg4 38. Bxg4 Qe7 39. Bf3 Qh4 40. Qc7+ Qe7 41. Qxc8 g5 42. Qh8 gxf4 43. Qxh7+ Kf8 44. Qxe7+ Kxe7 45. h7 Kf7 46. h8=Q Kg6 47. Qf6+ Kh7 48. Be4+ Kg8 49. Qxf4 b5 50. Qg5+ Kf8 51. Qf6+ Kg8 52. Qxe6+ Kg7 53. Qf6+ Kg8 54. e6 a5 55. e7 axb4+ 56. Kd2 bxa3 57. e8=Q# 1-0


[Site "https://www.chess.com"]

[Event "Titled Tuesday Blitz February 14 Early 2023"]
[White "Malka, Samuel"]
[Black "Dong, Khanh Linh"]
[WhiteFideId "20643675"]
[BlackFideId "12403040"]
[WhiteElo "2165"]
[BlackElo "1900"]
[Result "1-0"]
[Round "02"]
[TimeControl "180+2"]
[Date "2023.02.15"]
[WhiteClock "0:00:01"]
[BlackClock "0:00:03"]

1. d4 Nf6 2. c4 g6 3. Nc3 d5 4. cxd5 Nxd5 5. e4 Nxc3 6. bxc3 Bg7 7. Nf3 O-O 8. Be2 c5 9. O-O Nc6 10. Be3 Qa5 11. d5 Ne5 12. Nd2 Qxc3 13. Rc1 Qa5 14. Bxc5 Re8 15. Nb3 Qd8 16. Ba3 Nd7 17. f4 Qb6+ 18. Kh1 Qe3 19. Qd3 Qxd3 20. Bxd3 Nf6 21. Rc7 Bf8 22. Bb5 Rd8 23. Bxe7 Bxe7 24. Rxe7 a6 25. Bd3 Bd7 26. d6 Rac8 27. e5 Nd5 28. Rxd7 Rxd7 29. f5 Ne3 30. Rf3 Nxf5 31. Bxf5 gxf5 32. h3 Rc2 33. a3 b6 34. Nd4 Rc1+ 35. Kh2 Re1 36. Rg3+ Kf8 37. Nf3 Re3 38. Rg5 f4 39. Rf5 Rxa3 40. Rxf4 Re3 41. Rh4 f6 42. Rf4 1-0


[Site "https://www.chess.com"]

[Event "Titled Tuesday Blitz February 14 Early 2023"]
[White "Jimenez, Joaquin"]
[Black "Shuvalov, Evgenij"]
[WhiteFideId "109860"]
[BlackFideId "4187237"]
[WhiteElo "2195"]
[BlackElo "2038"]
[Result "0-1"]
[Round "02"]
[TimeControl "180+2"]
[Date "2023.02.15"]
[WhiteClock "0:00:29"]
[BlackClock "0:00:36"]

1. e4 e6 2. d4 d5 3. Nd2 c5 4. exd5 exd5 5. Ngf3 Nc6 6. Bb5 Qe7+ 7. Qe2 Qxe2+ 8. Kxe2 a6 9. Bxc6+ bxc6 10. dxc5 Bxc5 11. Nb3 Bd6 12. Be3 Ne7 13. h3 a5 14. Bc5 Kd7 15. Bxd6 Kxd6 16. Rhe1 a4 17. Nbd4 Ba6+ 18. Kd2 c5 19. Ne2 Ng6 20. g3 f6 21. h4 Rhe8 22. Nc3 a3 23. bxa3 Bc4 24. a4 Kc6 25. h5 Ne5 26. Nxe5+ fxe5 27. f4 e4 28. Rab1 e3+ 29. Rxe3 Rxe3 30. Kxe3 d4+ 31. Kd2 dxc3+ 32. Kxc3 Rxa4 33. Rb8 Be2 34. Rc8+ Kd6 35. Rd8+ Kc6 36. Rc8+ Kb6 37. Rb8+ Kc7 38. Re8 Bxh5 39. Re7+ Kc6 40. Rxg7 Bg6 41. Kd2 Rxa2 42. g4 Rxc2+ 43. Ke3 Rc3+ 44. Kf2 Be4 45. f5 Rh3 46. f6 Rf3+ 0-1


[Site "https://www.chess.com"]

[Event "Titled Tuesday Blitz February 14 Early 2023"]
[White "Yurasova, Daria"]
[Black "rikchessmx"]
[WhiteFideId "34146919"]
[WhiteElo "2095"]
[BlackElo "2312"]
[Result "1-0"]
[Round "02"]
[TimeControl "180+2"]
[Date "2023.02.15"]
[WhiteClock "0:00:14"]
[BlackClock "0:00:02"]

1. d4 Nf6 2. Bg5 Ne4 3. Bf4 c5 4. d5 Qb6 5. Nd2 Nxd2 6. Qxd2 Qxb2 7. Rd1 d6 8. e4 g6 9. Bd3 Bg7 10. Ne2 Qb4 11. O-O Qxd2 12. Bxd2 O-O 13. f4 a6 14. a4 Bg4 15. Rb1 Ra7 16. a5 Bxe2 17. Bxe2 Nd7 18. Rb3 c4 19. Rb4 c3 20. Be3 Nc5 21. Rfb1 Rc8 22. Rc4 e6 23. dxe6 fxe6 24. Rb6 Rc6 25. e5 Rxb6 26. axb6 Ra8 27. exd6 Nd7 28. Rc7 Rd8 29. Bc4 Kf7 30. Rxb7 Ke8 31. Bxa6 e5 32. Bb5 exf4 33. Bxf4 Bd4+ 34. Kf1 Bxb6 35. Rxb6 Kf7 36. Rb7 Ke6 37. Rxd7 Rxd7 38. Bxd7+ Kxd7 39. Ke2 1-0


[Site "https://www.chess.com"]

[Event "Titled Tuesday Blitz February 14 Early 2023"]
[White "Jenkins, Drake"]
[Black "Reprintsev, Alexander"]
[WhiteFideId "2022397"]
[BlackFideId "14100541"]
[WhiteElo "2130"]
[BlackElo "2253"]
[Result "0-1"]
[Round "02"]
[TimeControl "180+2"]
[Date "2023.02.15"]
[WhiteClock "0:00:01"]
[BlackClock "0:00:41"]

1. Nf3 Nc6 2. d4 d5 3. g3 Bf5 4. Bg2 Nb4 5. Na3 e6 6. O-O h6 7. c4 Nf6 8. Bd2 a5 9. Ne5 c6 10. Re1 Be7 11. f3 O-O 12. Bc3 Bh7 13. e4 Re8 14. cxd5 exd5 15. Nc2 Bf8 16. a3 Nxc2 17. Qxc2 dxe4 18. fxe4 Bd6 19. Qb3 Bxe5 20. dxe5 Nd7 21. Qxb7 Qb6+ 22. Qxb6 Nxb6 23. a4 Nc4 24. Rac1 Rac8 25. Bf1 Nxe5 26. Bxe5 Rxe5 27. Rc4 f5 28. Bg2 fxe4 29. Bxe4 Rce8 30. Bxh7+ Kxh7 31. Rxe5 Rxe5 32. Rxc6 Re2 33. Rb6 Rc2 34. Rb5 g5 35. b3 Kg6 0-1


[Site "https://www.chess.com"]

[Event "Titled Tuesday Blitz February 14 Early 2023"]
[White "Idnani, Roshan"]
[Black "Manukyan, Artyom"]
[WhiteFideId "2072939"]
[BlackFideId "13305786"]
[WhiteElo "2082"]
[BlackElo "2110"]
[Result "1-0"]
[Round "02"]
[TimeControl "180+2"]
[Date "2023.02.15"]
[WhiteClock "0:02:09"]
[BlackClock "0:00:04"]

1. e4 c5 2. Nf3 d6 3. d4 cxd4 4. Qxd4 Nf6 5. c4 Nc6 6. Qe3 g6 7. Nc3 Bg7 8. h3 O-O 9. Be2 Be6 10. O-O Rc8 11. Rb1 Nd7 12. b3 Nde5 13. Nxe5 Bxe5 14. Bb2 Nd4 15. Bd3 Bg7 16. Nd5 Nc6 17. Bxg7 Kxg7 18. f4 Bxd5 19. exd5 Nb4 20. a3 Na6 21. b4 Qb6 22. Qxb6 axb6 23. Rfe1 Kf6 24. g4 h6 25. h4 Rfe8 26. Re4 g5 27. fxg5+ hxg5 28. h5 e5 29. dxe6 Rxe6 30. Rxe6+ fxe6 31. Rf1+ Kg7 32. Kf2 Rf8+ 33. Ke2 Rxf1 34. Kxf1 Nb8 35. Be4 Nd7 36. Bxb7 Ne5 37. a4 Nxc4 38. Ke2 d5 39. Bc8 Kf6 40. h6 Nd6 41. Bd7 e5 42. a5 bxa5 43. bxa5 Nc4 44. a6 Nb6 45. Bf5 d4 46. Kd3 Na8 47. Be4 Nc7 48. a7 Kf7 49. Kc4 Kf6 50. Kc5 Kf7 51. Kb6 d3 52. Kxc7 d2 53. Bf3 e4 54. Bd1 e3 55. a8=Q e2 56. Bxe2 d1=Q 57. Bxd1 Ke6 1-0


[Site "https://www.chess.com"]

[Event "Titled Tuesday Blitz February 14 Early 2023"]
[White "Ramirez Allo, Eduardo"]
[Black "Cepo, Toni"]
[WhiteFideId "2224178"]
[BlackFideId "4675916"]
[WhiteElo "2274"]
[BlackElo "2145"]
[Result "1-0"]
[Round "02"]
[TimeControl "180+2"]
[Date "2023.02.15"]
[WhiteClock "0:00:36"]
[BlackClock "0:00:04"]

1. Nf3 Nf6 2. c4 g6 3. g3 Bg7 4. Bg2 O-O 5. O-O d6 6. d4 Nc6 7. Nc3 e5 8. dxe5 Nxe5 9. Nxe5 dxe5 10. Bg5 Qxd1 11. Rfxd1 h6 12. Be3 c6 13. Rd2 Be6 14. b3 Rfd8 15. Rxd8+ Rxd8 16. Bxa7 Ra8 17. Be3 Ng4 18. Bc1 e4 19. Bb2 e3 20. f4 Nf2 21. a4 Bg4 22. Kf1 Rd8 23. Rc1 Rd2 24. Ba1 Bxc3 25. Bxc3 Bxe2+ 26. Kg1 Ra2 27. Bd4 Nd3 28. Rb1 Bg4 29. Bxe3 Bf5 30. Rd1 Rb2 31. g4 Bxg4 32. Rxd3 1-0


[Site "https://www.chess.com"]

[Event "Titled Tuesday Blitz February 14 Early 2023"]
[White "Skuhala, Barbara"]
[Black "Taboas Rodriguez, Daniel"]
[WhiteFideId "14605465"]
[BlackFideId "2208466"]
[WhiteElo "2153"]
[BlackElo "2371"]
[Result "1-0"]
[Round "02"]
[TimeControl "180+2"]
[Date "2023.02.15"]
[WhiteClock "0:00:15"]
[BlackClock "0:00:01"]

1. e4 e5 2. Nf3 Nc6 3. d4 exd4 4. Nxd4 Nf6 5. Nxc6 bxc6 6. Bd3 d5 7. exd5 cxd5 8. O-O Be7 9. c4 O-O 10. Nc3 Be6 11. cxd5 Nxd5 12. Nxd5 Qxd5 13. Bc2 Bf6 14. Qxd5 Bxd5 15. Bb3 Rfd8 16. Bxd5 Rxd5 17. Rb1 Re8 18. Be3 Bd4 19. Bxd4 Rxd4 20. Rbc1 Re7 21. Rc2 Kf8 22. g3 Ke8 23. Rfc1 Kd8 24. Kg2 h6 25. a3 a5 26. Rc5 a4 27. R1c2 g6 28. R5c3 h5 29. b3 Kc8 30. b4 Kb7 31. Rc5 Rd3 32. Ra2 Re6 33. Ra5 Ra6 34. Rb5+ Kc6 35. Rc5+ Kd6 36. Rac2 c6 37. Ra2 Rd5 38. Rc3 c5 39. bxc5+ Rxc5 40. Rd2+ Kc6 41. Rf3 f5 42. Rd4 Rd5 43. Rb4 Rb5 44. Rc3+ Kb6 45. Rd4 Rba5 46. Kf3 Kb7 47. Kf4 Rb6 48. Kg5 Raa6 49. h4 Rb2 50. f4 Rb5 51. Rd7+ Kb8 52. Re3 Rb7 53. Rd4 Ka7 54. Rc3 Rb3 55. Rc7+ Kb6 56. Rcc4 Rxa3 57. Kxg6 Rxg3+ 58. Kxf5 a3 59. Ra4 Rxa4 60. Rxa4 Kb5 61. Ra8 Kb4 62. Ke4 Rg4 63. Ke5 Rxh4 64. f5 Rh2 65. f6 Rf2 66. Ke6 a2 67. Rb8+ Kc3 68. Rc8+ Kb2 69. Rb8+ Kc1 70. Rc8+ Kb1 71. Rb8+ Rb2 72. Rxb2+ Kxb2 73. f7 a1=Q 74. f8=Q Qe1+ 75. Kd5 Qd2+ 76. Ke5 Qe3+ 77. Kd5 Qe2 78. Qf6+ Kc1 79. Qa1+ Kd2 80. Qb2+ Ke3 81. Qe5+ Kf2 82. Qh2+ Ke1 83. Qg1+ Kd2 84. Qg5+ Kd3 85. Qf5+ Kc3 86. Qf6+ Kd2 87. Qg5+ 1-0


[Site "https://www.chess.com"]

[Event "Titled Tuesday Blitz February 14 Early 2023"]
[White "Mazibuko, Khanya"]
[Black "Jimenez Almeida, Luis David"]
[WhiteFideId "14321041"]
[BlackFideId "22242244"]
[WhiteElo "1913"]
[BlackElo "2242"]
[Result "0-1"]
[Round "02"]
[TimeControl "180+2"]
[Date "2023.02.15"]
[WhiteClock "0:00:20"]
[BlackClock "0:00:05"]

1. e4 c6 2. Nc3 g6 3. d4 Bg7 4. Nf3 d6 5. Bf4 Nf6 6. h3 O-O 7. Qd2 b5 8. Bd3 a5 9. a3 Na6 10. O-O b4 11. axb4 axb4 12. Ne2 c5 13. dxc5 dxc5 14. Ng3 Bb7 15. Qe2 Qb6 16. Ne5 Rfd8 17. Nc4 Qe6 18. Rfe1 Nb8 19. Rxa8 Bxa8 20. Bc7 Rc8 21. Be5 Nc6 22. Bxf6 Bxf6 23. Qe3 Bd4 24. Qf4 Ne5 25. b3 Qf6 26. Qxf6 exf6 27. Ne2 Nxc4 28. Nxd4 Nb2 29. Ba6 Rd8 30. Nf3 Nd1 31. Bd3 Nc3 32. Nd2 Kg7 33. Ra1 Bc6 34. Ra7 Bb5 35. Bxb5 Rxd2 36. Bc4 Nxe4 37. Rxf7+ Kh6 38. f3 Ng3 39. Rxf6 Rxc2 40. Rc6 Nf5 41. Rxc5 Rd2 42. Rc7 Ne3 43. Bg8 Rxg2+ 44. Kh1 Rb2 45. Rxh7+ Kg5 46. Re7 Kf4 47. Re4+ Kxf3 48. Rxb4 Rb1+ 49. Kh2 Nf1+ 50. Kg1 Ng3+ 51. Kh2 Rh1# 0-1


[Site "https://www.chess.com"]

[Event "Titled Tuesday Blitz February 14 Early 2023"]
[White "dodoucb"]
[Black "Andreassen, Lars"]
[BlackFideId "1504878"]
[WhiteElo "2485"]
[BlackElo "2168"]
[Result "1/2-1/2"]
[Round "02"]
[TimeControl "180+2"]
[Date "2023.02.15"]
[WhiteClock "0:00:07"]
[BlackClock "0:00:55"]

1. Nf3 d5 2. c4 e6 3. e3 Nf6 4. b3 c5 5. cxd5 Nxd5 6. Bb2 Nc6 7. Be2 Rg8 8. h4 Be7 9. Nc3 Bf6 10. Na4 Bxb2 11. Nxb2 b6 12. Qc2 h6 13. d4 Ndb4 14. Qh7 Kf8 15. dxc5 bxc5 16. Rd1 Qa5 17. O-O Qxa2 18. Rd2 Qxb3 19. Rfd1 Ba6 20. Bxa6 Nxa6 21. Nd3 Rd8 22. Nde5 Qxd1+ 23. Rxd1 Rxd1+ 24. Kh2 Nxe5 25. Nxe5 Rd5 26. f4 Nc7 27. Qb1 Ke7 28. Qb7 Rd7 29. Qxa7 Rc8 30. Qxc5+ Ke8 31. Nxd7 Kxd7 32. Qd4+ Ke7 33. Qxg7 Nd5 34. Qxh6 Nxe3 35. Qg5+ Kf8 36. h5 Rc2 37. Qh6+ Ke7 38. Qg5+ Kf8 39. Qh6+ Ke7 40. Qg5+ Kf8 1/2-1/2


[Site "https://www.chess.com"]

[Event "Titled Tuesday Blitz February 14 Early 2023"]
[White "Robledo, Cristian"]
[Black "Balint, Vilmos"]
[WhiteFideId "133450"]
[BlackFideId "718050"]
[WhiteElo "2270"]
[BlackElo "2169"]
[Result "1/2-1/2"]
[Round "02"]
[TimeControl "180+2"]
[Date "2023.02.15"]
[WhiteClock "0:00:38"]
[BlackClock "0:00:39"]

1. d4 Nf6 2. Bg5 d5 3. Bxf6 exf6 4. e3 Bd6 5. c4 dxc4 6. Bxc4 O-O 7. Nc3 Bf5 8. Nf3 c6 9. O-O h6 10. Bd3 Bg4 11. Be2 Qb6 12. Qc2 Na6 13. a3 Nc7 14. b4 Ne6 15. Na4 Qc7 16. Nc5 Bxf3 17. Bxf3 Bxh2+ 18. Kh1 Bd6 19. Rfc1 Bxc5 20. bxc5 Ng5 21. Be2 Rfe8 22. Rab1 Re7 23. Rb3 Ne4 24. Bf3 f5 25. Rcb1 Rb8 26. a4 Qa5 27. Rb4 g6 28. Bxe4 fxe4 29. Kg1 Qd8 30. R1b3 Qd5 31. Qb2 Qd7 32. a5 h5 33. a6 b6 34. cxb6 axb6 35. Rxb6 Rxb6 36. Rxb6 h4 37. Rb7 Qg4 38. Rxe7 h3 39. f3 exf3 40. a7 h2+ 41. Kxh2 Qh4+ 42. Kg1 Qe1+ 43. Kh2 Qh4+ 44. Kg1 Qe1+ 45. Kh2 Qh4+ 1/2-1/2


[Site "https://www.chess.com"]

[Event "Titled Tuesday Blitz February 14 Early 2023"]
[White "Rose, Felix"]
[Black "Aarav Dengla"]
[WhiteFideId "5105722"]
[BlackFideId "45059756"]
[WhiteElo "2091"]
[BlackElo "2343"]
[Result "0-1"]
[Round "02"]
[TimeControl "180+2"]
[Date "2023.02.15"]
[WhiteClock "0:01:18"]
[BlackClock "0:00:23"]

1. d4 d5 2. c4 e6 3. Nc3 a6 4. Nf3 dxc4 5. a4 Nc6 6. e4 Na5 7. Ne5 Nb3 8. Rb1 Qxd4 9. Qxd4 Nxd4 10. Bxc4 Nf6 11. O-O Bd7 12. Rd1 Bc5 13. Nxd7 Nxd7 14. b4 Ba7 15. Bb2 Ne5 16. Bf1 O-O-O 17. b5 a5 18. h3 Nb3 19. Nd5 exd5 20. Bxe5 Nc5 21. Bxg7 Rhg8 22. Bf6 Rde8 23. exd5 Nxa4 24. Ra1 Nc5 25. Rxa5 Bb6 26. Ra8+ Kd7 27. Rxe8 Rxe8 28. Be2 Rxe2 0-1


[Site "https://www.chess.com"]

[Event "Titled Tuesday Blitz February 14 Early 2023"]
[White "Shashikant, Kutwal"]
[Black "Piriflillo"]
[WhiteFideId "5006520"]
[WhiteElo "2182"]
[BlackElo "2337"]
[Result "0-1"]
[Round "02"]
[TimeControl "180+2"]
[Date "2023.02.15"]
[WhiteClock "0:00:03"]
[BlackClock "0:00:04"]

1. e4 e5 2. Nf3 Nc6 3. Bc4 Bc5 4. O-O Nf6 5. d4 exd4 6. e5 d5 7. exf6 dxc4 8. Re1+ Be6 9. Ng5 Qd5 10. Nc3 Qf5 11. g4 Qg6 12. Nce4 Bb6 13. f4 O-O-O 14. f5 Bxf5 15. gxf5 Qxf5 16. Rf1 Qd5 17. fxg7 Rhg8 18. Qg4+ Kb8 19. Rf5 d3+ 20. Kh1 Qd4 21. cxd3 cxd3 22. Bd2 Qxb2 23. Bc3 Qe2 24. Qxe2 dxe2 25. Re1 Rd1 26. Rxf7 Bc5 27. Nxc5 b6 28. Rf8+ Rd8 0-1


[Site "https://www.chess.com"]

[Event "Titled Tuesday Blitz February 14 Early 2023"]
[White "Rios Escobar, Adan"]
[Black "AyMitecK"]
[WhiteFideId "3403645"]
[WhiteElo "2234"]
[BlackElo "2484"]
[Result "1/2-1/2"]
[Round "02"]
[TimeControl "180+2"]
[Date "2023.02.15"]
[WhiteClock "0:00:18"]
[BlackClock "0:01:51"]

1. d4 d5 2. c4 e6 3. Nf3 Nf6 4. g3 a6 5. Bg2 dxc4 6. O-O Be7 7. Ne5 O-O 8. Nxc4 c5 9. dxc5 Bxc5 10. Nc3 Nc6 11. Bf4 Bd7 12. Rc1 Rc8 13. Bd6 Bxd6 14. Nxd6 Rb8 15. Qd2 Ne5 16. Rfd1 Bc6 17. Nce4 Nxe4 18. Nxe4 Qxd2 19. Rxd2 Rfd8 20. Rcd1 Rxd2 21. Rxd2 Nc4 22. Rc2 b5 23. b3 Na5 24. Nf6+ gxf6 25. Bxc6 Rc8 26. Be4 Rxc2 27. Bxc2 Nc6 28. e3 f5 29. Kg2 Nb4 30. Bb1 Nd5 31. Bd3 Nb4 32. Bb1 Nd5 33. a3 Kg7 34. Kf3 Kf6 35. e4 Nc3 36. Bd3 fxe4+ 37. Bxe4 h6 38. b4 Ke5 39. Bb7 Nb1 40. Bxa6 Nxa3 41. Kg4 Kf6 42. Kh5 Kg7 43. h4 Nc2 44. Bxb5 Nxb4 45. Be2 Nd5 46. Kg4 Kf6 47. Bd3 Nb4 48. Be4 Na6 49. Kf4 Nc5 50. Bc2 Nd7 51. g4 Nb6 52. g5+ hxg5+ 53. hxg5+ Kg7 54. Ke5 Nc4+ 55. Kf4 f6 56. gxf6+ Kxf6 57. Ke4 Ne5 58. f4 Nd7 59. Kf3 Nc5 60. Ke3 Nb7 61. Bb3 Nc5 62. Bxe6 Nxe6 63. f5 Ng7 64. Kf4 Nh5+ 65. Kg4 Ng7 66. Kf4 Ne8 67. Ke4 Nd6+ 68. Kf4 Nc4 69. Ke4 Nd2+ 70. Kf4 Kf7 71. Ke5 Nf3+ 72. Kf4 Ne1 73. Ke4 Nc2 74. Kf4 Nb4 75. Ke4 Nc6 76. Kf4 Ne7 77. Ke4 Nxf5 1/2-1/2


[Site "https://www.chess.com"]

[Event "Titled Tuesday Blitz February 14 Early 2023"]
[White "Eynullayev, Atilla"]
[Black "Prudnykova, Olga"]
[WhiteFideId "13413570"]
[BlackFideId "14121093"]
[WhiteElo "2281"]
[BlackElo "2268"]
[Result "1-0"]
[Round "02"]
[TimeControl "180+2"]
[Date "2023.02.15"]
[WhiteClock "0:01:57"]
[BlackClock "0:00:55"]

1. d4 Nf6 2. c4 g6 3. Nc3 d5 4. cxd5 Nxd5 5. e4 Nxc3 6. bxc3 c5 7. Nf3 Bg7 8. Bb5+ Bd7 9. Be2 O-O 10. O-O Bg4 11. Be3 Qc7 12. h3 Bxf3 13. Bxf3 Rd8 14. Qa4 e5 15. d5 Bf8 16. c4 Bd6 17. h4 h5 18. Rab1 b6 19. Qd1 Qe7 20. Bg5 f6 21. Bc1 Nd7 22. Rb3 Nf8 23. Be2 Qc7 24. Rg3 Kf7 25. Bxh5 Re8 26. Bxg6+ Nxg6 27. Qg4 Rg8 28. Qe6+ Kf8 29. Bh6+ 1-0


[Site "https://www.chess.com"]

[Event "Titled Tuesday Blitz February 14 Early 2023"]
[White "Baches Garcia, Guillermo"]
[Black "Vaglio Munoz, Jaime"]
[WhiteFideId "2209764"]
[BlackFideId "6500145"]
[WhiteElo "2327"]
[BlackElo "2174"]
[Result "0-1"]
[Round "02"]
[TimeControl "180+2"]
[Date "2023.02.15"]
[WhiteClock "0:00:08"]
[BlackClock "0:01:36"]

1. e4 e6 2. d4 d5 3. exd5 exd5 4. Nf3 Bg4 5. h3 Bxf3 6. Qxf3 c6 7. Bd3 Qf6 8. Qe2+ Qe6 9. Qxe6+ fxe6 10. O-O Kd7 11. Nd2 Bd6 12. Nf3 Nf6 13. Re1 Re8 14. Ne5+ Bxe5 15. dxe5 Ng8 16. Bxh7 Ne7 17. Re3 g6 18. Rg3 c5 19. Bxg6 Rg8 20. Bd3 Rxg3 21. fxg3 Nbc6 22. Bb5 a6 23. Bxc6+ Nxc6 24. Bf4 Nb4 25. c3 Nd3 26. b3 b5 27. h4 Rh8 28. Kh2 b4 29. cxb4 Nxb4 30. Kh3 Nd3 31. Kg4 Rg8+ 32. Kf3 Rf8 33. Ke3 Nb4 34. h5 Nc2+ 35. Kd2 Nxa1 36. h6 Ke7 37. Kc3 Kf7 38. Kb2 Nxb3 39. axb3 Rb8 40. Kc3 Kg6 41. g4 a5 42. g3 a4 43. bxa4 c4 44. g5 Rb3+ 45. Kc2 Ra3 0-1


[Site "https://www.chess.com"]

[Event "Titled Tuesday Blitz February 14 Early 2023"]
[White "Makhmudov, Shukhrat"]
[Black "Nguyen Hong Nhung"]
[WhiteFideId "14200775"]
[BlackFideId "12412201"]
[WhiteElo "2115"]
[BlackElo "2003"]
[Result "0-1"]
[Round "02"]
[TimeControl "180+2"]
[Date "2023.02.15"]
[WhiteClock "0:00:38"]
[BlackClock "0:00:49"]

1. e4 c5 2. Nf3 e6 3. b4 cxb4 4. d4 Nf6 5. Bd3 Be7 6. h4 Nc6 7. Nbd2 b6 8. Bb2 Bb7 9. Rh3 d5 10. e5 Nh5 11. g3 g6 12. Nb3 a5 13. a4 bxa3 14. Bxa3 Bxa3 15. Rxa3 Qe7 16. Ra1 Ba6 17. Bxa6 Rxa6 18. c3 a4 19. Qd3 Qb7 20. Qb5 a3 21. Nc5 Ra5 0-1


[Site "https://www.chess.com"]

[Event "Titled Tuesday Blitz February 14 Early 2023"]
[White "Baghdasaryan, Vahe"]
[Black "Kornyukov, Alexey"]
[WhiteFideId "13303139"]
[BlackFideId "4150457"]
[WhiteElo "2257"]
[BlackElo "2452"]
[Result "1-0"]
[Round "02"]
[TimeControl "180+2"]
[Date "2023.02.15"]
[WhiteClock "0:00:40"]
[BlackClock "0:00:22"]

1. e4 c5 2. Nf3 Nc6 3. d4 cxd4 4. Nxd4 e5 5. Nb5 a6 6. Nd6+ Bxd6 7. Qxd6 Qe7 8. Qd1 Nf6 9. Nc3 O-O 10. Bg5 Qe6 11. Bxf6 Qxf6 12. Bc4 Qg6 13. O-O d6 14. f3 Nd4 15. Nd5 Kh8 16. c3 Ne6 17. Nb6 Nf4 18. g3 Rb8 19. Kh1 Bh3 20. Rf2 Nh5 21. g4 Nf4 22. Nd7 Qh6 23. Nxf8 Rxf8 24. Bd5 Qh4 25. Qg1 Rc8 26. Bxb7 Rb8 27. Bd5 Nxd5 28. exd5 e4 29. Qg3 Qxg3 30. hxg3 exf3 31. Rxf3 Bxg4 32. Rxf7 Kg8 33. Rf4 Bh5 34. b4 Rc8 35. c4 Rb8 36. a3 Re8 37. c5 dxc5 38. bxc5 Re5 39. Raf1 h6 40. Rd4 Re2 41. d6 Re8 42. d7 Rd8 43. c6 Rf8 1-0


[Site "https://www.chess.com"]

[Event "Titled Tuesday Blitz February 14 Early 2023"]
[White "Turzo, Attila"]
[Black "Alahakoon, Isuru"]
[WhiteFideId "704954"]
[BlackFideId "9900993"]
[WhiteElo "2279"]
[BlackElo "1819"]
[Result "1-0"]
[Round "02"]
[TimeControl "180+2"]
[Date "2023.02.15"]
[WhiteClock "0:00:14"]
[BlackClock "0:00:14"]

1. d4 d5 2. c4 e6 3. Nf3 Nf6 4. Nc3 c6 5. e3 Bd6 6. Be2 O-O 7. O-O Nbd7 8. b3 Qe7 9. Bb2 b6 10. Bd3 e5 11. dxe5 Nxe5 12. cxd5 Nxf3+ 13. gxf3 Bh3 14. Re1 Nxd5 15. f4 Qh4 16. Nxd5 cxd5 17. Qf3 Rfe8 18. Qg3 Qh6 19. Kh1 f6 20. Be2 Kh8 21. Bf3 Rac8 22. Rac1 d4 23. Bxd4 Ba3 24. Rxc8 Rxc8 25. Bg4 Bxg4 26. Qxg4 Rd8 27. Rg1 Bc5 28. Bxc5 bxc5 29. Rd1 Re8 30. Rd7 g6 31. Kg2 f5 32. Qg5 Qxg5+ 33. fxg5 a6 34. Ra7 Re6 35. Rc7 Re5 36. Rc6 c4 37. Rxc4 Ra5 38. a4 Re5 39. Kf3 a5 40. b4 axb4 41. Rxb4 Kg7 42. Kf4 Ra5 43. f3 Kf7 44. e4 fxe4 45. fxe4 Ke6 46. h4 Ra6 47. Ke3 Ra5 48. Rb6+ Kf7 49. Rb7+ Ke6 50. Rxh7 Rxa4 51. Rg7 Ke5 52. Re7+ Kd6 53. Re8 Ra3+ 54. Kf4 Ra2 55. Rg8 Rf2+ 56. Kg3 Re2 57. Rxg6+ Ke5 58. Kg4 Rg2+ 59. Kh5 Rh2 60. Rg8 Kxe4 61. Rf8 Rg2 62. g6 Ke5 63. Kh6 Ke6 64. h5 Ke7 65. g7 1-0


[Site "https://www.chess.com"]